 Dungeon Crawl Stone Soup version bcrawl-1.28.1b (webtiles) character file.

Game seed: 14378111031489517375

218482 Adamkad1 the Digger (level 8, 0/57 HPs)
             Began as a Sand Dwarf Earth Elementalist on Dec 16, 2020.
             Killed by divine providence
             ... invoked by an orc priest
              (12 damage)
             ... on level 5 of the Dungeon on Dec 17, 2020.
             The game lasted 00:16:28 (5386 turns).

Adamkad1 the Digger (Sand Dwarf Earth Elementalist) Turns: 5386, Time: 00:16:29

Health: 0/57       AC: 11    Str: 12    XL:     8   Next: 45%
Magic:  14/15      EV:  8    Int: 19    God:
Gold:   416        SH:  0    Dex: 11    Spells: 9/17 levels left

rFire    . . .     SeeInvis .   a - +2 dagger (protect)
rCold    . . .     Gourm    .   (shield restricted)
rNeg     . . .     Faith    .   p - +1 chain mail
rPois    .         Spirit   .   m - +0 helmet
rElec    .         Reflect  .   (no cloak)
rCorr    .         Harm     .   (no gloves)
MR       +....                  (no boots)
Stlth    ..........             (no amulet)
HPRegen  0.19/turn              i - ring of wizardry
MPRegen  0.14/turn              (no ring)

@: about to teleport, slow
A: small, slowness 1, armour attunement
a: no special abilities


You were on level 5 of the Dungeon.
You were not hungry.

You visited 1 branch of the dungeon, and saw 5 of its levels.

You collected 416 gold pieces.

Inventory:

Hand Weapons
 a - a +2 dagger of protection (weapon)
Missiles
 b - 387 stones (quivered)
 j - 2 throwing nets {=f}
Armour
 c - a +0 robe
 g - a +0 ring mail
 m - a +0 helmet (worn)
 p - a +1 chain mail (worn)
Jewellery
 i - a ring of wizardry (left hand)
Wands
 s - a wand of acid (7)
Scrolls
 d - a scroll of enchant armour
 h - a scroll of remove curse
 l - a scroll of identify
 q - a scroll of fear {unknown}
Potions
 k - a potion of berserk rage {unknown}
 n - a potion of lignification {unknown}
 o - a potion of haste {unknown}
 r - a potion of curing
Comestibles
 e - 3 rations {!d}


   Skills:
 + Level 3.5 Armour
 + Level 3.4 Dodging
 + Level 3.3 Stealth
 * Level 5.1 Spellcasting
 + Level 1.3 Transmutations
 * Level 7.4 Earth Magic


You had 9 spell levels left.
You knew the following spells:

 Your Spells              Type           Power        Failure   Level  Hunger
a - Sandblast             Erth           ####..       1%          1    None
b - Stone Arrow           Conj/Erth      ###...       3%          3    ###....
c - Beastly Appendage     Tmut           #.....       2%          1    None
d - Spider Form           Tmut/Pois      #..          12%         3    ###....

Your spell library contained the following spells:

 Spells                   Type           Power        Failure   Level  Hunger
 Passwall                 Tmut/Erth      ###.....     1%          2    None
 Corona                   Hex            #......      4%          1    None
 Sticks to Snakes         Tmut           #.......     4%          2    None
 Lee's Rapid Deconstruct  Erth           ####......   6%          5    ######.
 Ensorcelled Hibernation  Hex/Ice        #.....       8%          2    None
 Petrify                  Tmut/Erth      ###.......   9%          4    ####...
 Confuse                  Hex            #.......     16%         3    ###....
 Dazzling Orbs            Conj/Hex       #......      16%         3    ###....
 Tukima's Dance           Hex            #.......     16%         3    ###....
 Ice Form                 Ice/Tmut       #.......     34%         4    ####...
 Yara's Violent Unravell  Hex/Tmut       #.........   34%         4    ####...
 Blade Hands              Tmut           #.........   58%         5    ######.
 Metabolic Englaciation   Hex/Ice        #.........   77%         5    ######.
 Mana Rupture             Conj/Hex       #.........   100%        7    #######


Dungeon Overview and Level Annotations

Branches:
Dungeon (5/12)
 Temple: D:4-7

Altars:
Lugonu
Trog
Vehumet
Wu Jian
Xom
Zin
Beogh

Annotations:
D:3 3 runed translucent doors, Natasha; Quickbrownfox's ghost, amateur MiAc; Sigmund
D:4 2 transporters
D:5 Edmund


Innate Abilities, Weirdness & Mutations

You are small and have problems with some larger weapons.
You cover ground slowly.
Armour does not affect your spellcasting.


Message History

The puff of frost hits you but does no damage.
The orc wizard begins to cast a cantrip, but forgets the words!
Okay, then.
As you read the scroll of teleportation, it crumbles to dust.
You feel strangely unstable.
The orc priest invokes the aid of Beogh against you.
Pain shoots through your body!
The orc wizard hits you but does no damage.
The orc wizard looks satisfied for a moment.
The orc priest calls down the wrath of Beogh upon you.
Beogh smites you!
* * * LOW HITPOINT WARNING * * *
The orc priest mumbles some strange prayers to Beogh against you.
You resist with significant effort.
The centaur unwields a +0 shortbow.
The centaur hits you but does no damage.
The orc wizard miscasts a cantrip.
The orc priest mumbles some strange prayers to Beogh against you.
Beogh smites you!
You die...

....### #.#.#
......o##...## #....c.....#
#.#.####o..## ...........#
####...#oo..# ......O#@#..#
#####oco#..## #....@..##..#
#.###.#.##..## ..#.#
#.#.#....###.#
#######...###.#.#.#......#
#.....#...+...#+#.#..#####
#..##.#...##..............#
#...#.#...........#...###.#
#.#.#.#...........#..>....
#...#.##).........#.######


You could see Edmund, an ogre, a centaur, 2 orc priests and 2 orc wizards.

Vanquished Creatures
  Grinder (D:3)
  Eustachio (D:4)
  A yak (D:5)
  2 sky beasts (D:4)
  An ogre (D:4)
  A crimson imp (D:4)
  A howler monkey (D:4)
  An orc wizard (D:4)
  A centaur skeleton (D:3)
  3 worker ants (D:4)
  Robin (D:2)
  2 adders
  4 gnolls
  7 river rats (D:4)
  2 oozes
  3 worms
  5 dart slugs
  3 leopard geckos
  9 orcs
  A ball python (D:1)
  6 giant cockroaches
  16 goblins
  5 hobgoblins
  7 jackals
  3 quokkas
  9 bats
  4 frilled lizards
  8 kobolds
  A quokka skeleton (D:4)
  18 rats
127 creatures vanquished.

Notes
Turn   | Place    | Note
-------+----------+-------------------------------------------
     0 | D:1      | Adamkad1 the Sand Dwarf Earth Elementalist began the quest
                  | for the Orb.
     0 | D:1      | Reached XP level 1. HP: 14/14 MP: 3/3
   114 | D:1      | Reached XP level 2. HP: 7/20 MP: 0/5
   657 | D:1      | Reached skill level 4 in Earth Magic
   667 | D:1      | Reached XP level 3. HP: 26/26 MP: 0/6
   703 | D:1      | Learned a level 3 spell: Stone Arrow
  1762 | D:2      | Found a shimmering altar of Xom.
  1909 | D:2      | Noticed Robin
  1936 | D:1      | Reached XP level 4. HP: 26/33 MP: 4/8
  2592 | D:2      | Killed Robin
  2963 | D:3      | Found a runed translucent gate.
  2963 | D:3      | Identified the +7 spear "Nitew" {pierce, Dex+8}
  2963 | D:3      | Identified the +1 chain mail of Serendipity {rCorr Str+4
                  | Dex+2 Slay-4}
  2963 | D:3      | Noticed Quickbrownfox's ghost (amateur MiAc)
  2964 | D:3      | Found a runed translucent gate.
  2964 | D:3      | Found a runed translucent gate.
  2966 | D:3      | Found a roughly hewn altar of Beogh.
  3053 | D:2      | Reached XP level 5. HP: 34/38 MP: 0/9
  3211 | D:3      | Found a corrupted altar of Lugonu.
  3211 | D:3      | Found a radiant altar of Vehumet.
  3211 | D:3      | Noticed Natasha
  3256 | D:2      | Reached skill level 5 in Earth Magic
  3310 | D:3      | Noticed Grinder
  3312 | D:3      | Paralysed by Grinder for 3 turns
  3327 | D:3      | Killed Grinder
  3328 | D:3      | Reached skill level 1 in Armour
  3328 | D:3      | Reached XP level 6. HP: 35/45 MP: 1/11
  3494 | D:3      | Found a bloodstained altar of Trog.
  3614 | D:3      | Noticed Sigmund
  3712 | D:4      | Noticed Eustachio
  3894 | D:4      | Reached XP level 7. HP: 50/50 MP: 6/13
  4056 | D:4      | Reached skill level 6 in Earth Magic
  4170 | D:4      | Learned a level 1 spell: Beastly Appendage
  4418 | D:4      | Killed Eustachio
  4581 | D:4      | Found a bloodstained altar of Trog.
  4720 | D:4      | Reached XP level 8. HP: 48/57 MP: 4/15
  4855 | D:4      | Learned a level 3 spell: Spider Form
  4874 | D:4      | Noticed a troll
  4875 | D:4      | Noticed a hippogriff
  4876 | D:4      | Found a transporter.
  4877 | D:4      | Found a transporter.
  4929 | D:4      | Found an ornate altar of the Wu Jian Council.
  4953 | D:4      | Reached skill level 7 in Earth Magic
  5142 | D:4      | Reached skill level 5 in Spellcasting
  5142 | D:4      | Reached skill level 1 in Transmutations
  5187 | D:4      | Found a glowing silver altar of Zin.
  5244 | D:5      | Entered Level 5 of the Dungeon
  5293 | D:5      | Noticed a yak
  5310 | D:5      | Killed a yak
  5372 | D:5      | Noticed Edmund
  5386 | D:5      | Killed from afar by an orc priest

Skill      XL: |  1  2  3  4  5  6  7  8 |
---------------+-------------------------+-----
Earth Magic    | 4 5 6 7 |  7.4
Dodging        | 2 3 |  3.4
Stealth        | 2 3 |  3.3
Spellcasting   | 3 4 5 |  5.1
Armour         | 1 2 3 |  3.5
Transmutations | 1 |  1.3

Action                   |  1- 3 |  4- 6 |  7- 9 || total
-------------------------+-------+-------+-------++-------
Melee: Unarmed           |    50 |       |    16 ||    66
       Dagger            |    29 |    99 |    53 ||   181
 Cast: Sandblast         |    42 |    15 |     4 ||    61
       Stone Arrow       |    13 |    41 |    48 ||   102
       Spider Form       |       |       |     2 ||     2
  Use: Potion            |       |     5 |       ||     5
       Scroll            |       |     2 |     3 ||     5
 Stab: Sleeping          |     5 |       |       ||     5
  Eat: Chunk             |    11 |    14 |     7 ||    32
       Ration            |       |     1 |     2 ||     3
Armor: Robe              |    26 |    10 |       ||    36
       Chain mail        |       |   104 |    58 ||   162
Dodge: Dodged            |    91 |    91 |    60 ||   242
